[Event "Norway Eliteserien 2023-24"]
[Site "Oslo"]
[Date "2024.02.04"]
[Round "6.41"]
[White "Hillarp Persson, Tiger"]
[Black "Urkedal, Frode Olav Olsen"]
[Result "0-1"]
[ECO "A07"]
[WhiteElo "2476"]
[BlackElo "2525"]
[Annotator "RC"]
[PlyCount "76"]
[EventDate "2023.10.27"]
[EventType "team-tourn"]
[EventCountry "NOR"]
[SourceTitle "playchess.com"]
[Source "ChessBase"]
[SourceQuality "1"]
[TimeControl "40/5400+30:1800+30"]

1. Nf3 d5 2. g3 g6 3. Bg2 Bg7 4. O-O e5 5. d3 Nc6 6. c3 a5 7. a4 Nf6 8. Qc2 O-O 9. e4 h6 10. Na3 Be6 11. Nb5 Qd7 12. Be3 Rac8 13. Rad1 Bg4 14. Rfe1 Rfe8 15. Bc1 d4 16. Bd2 Nh7 17. cxd4 exd4 18. Rc1 Bf8 19. Qb3 Be6 20. Qd1 Bg4 21. Qb3 Nb4 22. Bxb4 Bxb4 23. Re2 Ng5 24. Nxg5 Bxe2 25. Bh3 Qe7 26. Nxd4 Bg4 27. Nxf7 Bxh3 28. Ng5+ Kh8 29. Nxh3 Qd7 30. Nf4 Qxd4 31. Qf7 Qg7 32. Rxc7 Rxc7 33. Qxe8+ Kh7 34. Ne6 Rc1+ 35. Kg2 Qe7 36. Qxe7+ Bxe7 37. f4 Rc2+ 38. Kf3 Rxb2 0-1

[Event "Norway Eliteserien 2023-24"]
[Site "Oslo"]
[Date "2024.02.04"]
[Round "6.42"]
[White "Kaasen, Tor Fredrik"]
[Black "Tisdall, Jonathan D"]
[Result "1-0"]
[ECO "B72"]
[WhiteElo "2437"]
[BlackElo "2375"]
[Annotator "ChessBase"]
[PlyCount "57"]
[EventDate "2023.10.27"]
[EventType "team-tourn"]
[EventCountry "NOR"]
[SourceTitle "playchess.com"]
[Source "ChessBase"]
[SourceQuality "1"]
[TimeControl "40/5400+30:1800+30"]

1. e4 c5 2. Nf3 d6 3. d4 cxd4 4. Nxd4 Nf6 5. Nc3 g6 6. Be3 Nc6 7. f3 h5 8. Bc4 Bd7 9. Bb3 Na5 10. Qd3 Bg7 11. O-O-O O-O 12. h3 b5 13. Ndxb5 Nxb3+ 14. cxb3 Rb8 15. g4 Qa5 16. Na3 Rfc8 17. Nc4 Rxc4 18. Qxc4 Rc8 19. b4 Qe5 20. Qd3 Ba4 21. Rde1 Bb5 22. Qd2 Qg3 23. Qf2 Qe5 24. Bd4 Bh6+ 25. Kb1 Bd3+ 26. Ka1 Qe6 27. Rhg1 Bf4 28. g5 Nh7 29. h4 1-0

[Event "Norway Eliteserien 2023-24"]
[Site "Oslo"]
[Date "2024.02.04"]
[Round "6.43"]
[White "Sahl, Bjarke"]
[Black "Haldorsen, Benjamin"]
[Result "1/2-1/2"]
[ECO "A50"]
[WhiteElo "2216"]
[BlackElo "2427"]
[Annotator "ChessBase"]
[PlyCount "91"]
[EventDate "2023.10.27"]
[EventType "team-tourn"]
[EventCountry "NOR"]
[SourceTitle "playchess.com"]
[Source "ChessBase"]
[SourceQuality "1"]
[TimeControl "40/5400+30:1800+30"]

1. Nf3 Nf6 2. c4 b6 3. g3 Bb7 4. Bg2 g6 5. d4 Bg7 6. O-O O-O 7. Nc3 Ne4 8. Qd3 Nxc3 9. Qxc3 c5 10. Be3 Nc6 11. Qd2 cxd4 12. Nxd4 Qc8 13. Nxc6 Bxc6 14. Rac1 Bxg2 15. Kxg2 Qb7+ 16. Kg1 Rfc8 17. Rfd1 d6 18. b3 a6 19. Qd5 Rc6 20. Rc2 Rac8 21. a4 h5 22. h4 R6c7 23. Ra2 Qxd5 24. Rxd5 Rb7 25. f4 Rc6 26. Kf2 e6 27. Rd3 Kf8 28. Bd2 Ke7 29. Bb4 f5 30. Rad2 Rd7 31. Kf3 Bf8 32. e4 fxe4+ 33. Kxe4 Kf7 34. Kf3 Be7 35. Rd1 Bf8 36. g4 hxg4+ 37. Kxg4 b5 38. cxb5 axb5 39. axb5 Rb6 40. Bc5 Rxb5 41. Bxd6 Rxd6 42. Rxd6 Bxd6 43. Rxd6 Rxb3 44. Ra6 Kf6 45. Ra5 Rb1 46. h5 1/2-1/2

[Event "Norway Eliteserien 2023-24"]
[Site "Oslo"]
[Date "2024.02.04"]
[Round "6.44"]
[White "Johansson, Linus"]
[Black "Aulin-Jansson, Joran"]
[Result "1-0"]
[ECO "E44"]
[WhiteElo "2434"]
[BlackElo "2102"]
[Annotator "ChessBase"]
[PlyCount "71"]
[EventDate "2023.10.27"]
[EventType "team-tourn"]
[EventCountry "NOR"]
[SourceTitle "playchess.com"]
[Source "ChessBase"]
[SourceQuality "1"]
[TimeControl "40/5400+30:1800+30"]

1. d4 Nf6 2. c4 e6 3. Nc3 Bb4 4. e3 O-O 5. Bd3 b6 6. Nge2 d5 7. a3 Be7 8. cxd5 exd5 9. Nf4 Bb7 10. Qf3 Re8 11. O-O c6 12. b4 Nbd7 13. Bb2 Nf8 14. e4 dxe4 15. Nxe4 Nd5 16. Nxd5 cxd5 17. Ng3 Rc8 18. Nf5 Bf6 19. Qg3 Rc7 20. Bb5 Re6 21. Rac1 Ree7 22. Nxe7+ Rxe7 23. Qd3 g6 24. Ba6 Kg7 25. Bxb7 Rxb7 26. b5 Ne6 27. Rfe1 Qd6 28. Rc6 Qf4 29. Bc1 Qxd4 30. Qxd4 Bxd4 31. Rd1 Re7 32. Kf1 Bf6 33. Rxd5 Nc7 34. Rd2 Nxb5 35. a4 Nc7 36. Ba3 1-0

[Event "Norway Eliteserien 2023-24"]
[Site "Oslo"]
[Date "2024.02.04"]
[Round "6.45"]
[White "Strand, Vetle Bjorge"]
[Black "Ranaldi, Lucas"]
[Result "1/2-1/2"]
[ECO "C84"]
[WhiteElo "2089"]
[BlackElo "2362"]
[Annotator "ChessBase"]
[PlyCount "150"]
[EventDate "2023.10.27"]
[EventType "team-tourn"]
[EventCountry "NOR"]
[SourceTitle "playchess.com"]
[Source "ChessBase"]
[SourceQuality "1"]
[TimeControl "40/5400+30:1800+30"]

1. e4 e5 2. Nf3 Nc6 3. Bb5 a6 4. Ba4 Nf6 5. d3 b5 6. Bb3 Be7 7. a4 b4 8. a5 d6 9. Nbd2 O-O 10. O-O Be6 11. Nc4 Qc8 12. c3 Rb8 13. d4 exd4 14. cxd4 d5 15. Nce5 Nxe5 16. Nxe5 Qb7 17. exd5 Bxd5 18. Bxd5 Qxd5 19. Qf3 Qxf3 20. Nxf3 Nd5 21. Bd2 f6 22. Rfc1 Rb5 23. Rc6 Ra8 24. Ne1 Kf7 25. Nd3 Ke8 26. Ra4 Kd7 27. Rc4 Rab8 28. Kf1 Bd6 29. Ke2 b3 30. Ra1 g5 31. g4 Re8+ 32. Kf3 Kc8 33. h4 h6 34. Re1 Rxe1 35. Bxe1 Kd7 36. Bd2 Rb8 37. Rc1 Re8 38. h5 Rf8 39. Ke4 c6 40. Re1 f5+ 41. gxf5 Nf6+ 42. Kf3 Nxh5 43. Rh1 Ng7 44. Rxh6 Nxf5 45. Rh7+ Ke6 46. Ke4 Be7 47. Ne5 Rc8 48. Be3 Bf6 49. Ra7 Nd6+ 50. Kd3 Bxe5 51. dxe5 Kxe5 52. Rxa6 Kd5 53. Kc3 g4 54. Kxb3 Nc4 55. Bf4 Rf8 56. Bg3 Rf3+ 57. Kc2 Kc5 58. Ra8 Ne3+ 59. Kc1 Nf5 60. Rb8 Nxg3 61. fxg3 Rxg3 62. Kd2 Rg1 63. Ke2 Ra1 64. Kf2 Kd6 65. b4 Ra4 66. Kg3 Kd7 67. Kxg4 c5 68. Kf3 cxb4 69. Rb6 Ra3+ 70. Ke4 Rh3 71. Kd4 b3 72. Kc4 Kc7 73. Rxb3 Rxb3 74. Kxb3 Kb7 75. a6+ Kxa6 1/2-1/2

[Event "Norway Eliteserien 2023-24"]
[Site "Oslo"]
[Date "2024.02.04"]
[Round "6.46"]
[White "Dolgova, Olga"]
[Black "Diesen, Bruce"]
[Result "0-1"]
[ECO "A45"]
[WhiteElo "2202"]
[BlackElo "2065"]
[Annotator "RC"]
[PlyCount "132"]
[EventDate "2023.10.27"]
[EventType "team-tourn"]
[EventCountry "NOR"]
[SourceTitle "playchess.com"]
[Source "ChessBase"]
[SourceQuality "1"]
[TimeControl "40/5400+30:1800+30"]

1. d4 Nf6 2. Bg5 c5 3. Bxf6 gxf6 4. d5 Qb6 5. b3 f5 6. e3 Bg7 7. c3 Qd6 8. Ne2 Na6 9. Ng3 e6 10. Be2 Nc7 11. Bf3 Qa6 12. Qc2 O-O 13. Nd2 Rb8 14. Rd1 b5 15. O-O Bb7 16. c4 Ba8 17. Nxf5 exf5 18. Qxf5 Rbd8 19. Be4 Qh6 20. f4 Ne8 21. Bb1 Nd6 22. Qd3 bxc4 23. bxc4 f5 24. Qa3 Rfe8 25. Qxc5 Rc8 26. Qxa7 Nxc4 27. Nxc4 Rxc4 28. Bxf5 Qd6 29. e4 Rf8 30. Kh1 Rc7 31. Qa4 Bb7 32. Qa5 Ra8 33. Qd2 Rc4 34. Qf2 Rca4 35. Rd2 Ba6 36. Rfd1 Bc4 37. e5 Qe7 38. Bb1 Rf8 39. Qg3 Kh8 40. Rd4 d6 41. Qh3 Bxe5 42. fxe5 Be2 43. Bf5 Bxd1 44. Rxd1 Rh4 45. Qc3 Rxf5 46. exd6+ Qg7 47. Qc8+ Rf8 48. d7 Qf6 49. h3 Rf4 50. Kh2 Rf2 51. Re1 Kg7 52. Qe8 Qd6+ 53. Kg1 R2f7 54. Re5 Rxd7 55. Rg5+ Kh8 56. Qe5+ Qxe5 57. Rxe5 Ra8 58. Kf2 Rxa2+ 59. Kf3 Rd2 60. Re8+ Kg7 61. Re4 R7xd5 62. Rg4+ Kf6 63. Ra4 R5d3+ 64. Ke4 Rg3 65. Ra7 h5 66. Ra6+ Kg5 0-1

[Event "Norway Eliteserien 2023-24"]
[Site "Oslo"]
[Date "2024.02.04"]
[Round "6.51"]
[White "Kvaloy, Aksel Bu"]
[Black "Yilmaz, Muhammet Mustafa"]
[Result "0-1"]
[ECO "B99"]
[WhiteElo "2443"]
[BlackElo "1670"]
[Annotator "ChessBase"]
[PlyCount "148"]
[EventDate "2023.10.27"]
[EventType "team-tourn"]
[EventCountry "NOR"]
[SourceTitle "playchess.com"]
[Source "ChessBase"]
[SourceQuality "1"]
[TimeControl "40/5400+30:1800+30"]

1. e4 c5 2. Nf3 d6 3. d4 cxd4 4. Nxd4 Nf6 5. Nc3 a6 6. Bg5 e6 7. f4 Nbd7 8. Qf3 Qc7 9. O-O-O b5 10. Bd3 Bb7 11. Rhe1 Be7 12. Qg3 b4 13. Nd5 exd5 14. exd5 Kd8 15. Nc6+ Bxc6 16. dxc6 Nc5 17. Bc4 Nfe4 18. Bxe7+ Qxe7 19. Qxg7 Re8 20. Qxf7 Kc7 21. Rd4 Qxf7 22. Bxf7 Re7 23. Bd5 Rf8 24. Rxb4 Rxf4 25. g3 Rf5 26. Rexe4 Nxe4 27. Bxe4 Rb5 28. Rd4 Rh5 29. Rb4 d5 30. Rb7+ Kd6 31. Rxe7 Kxe7 32. g4 Rxh2 33. Bxd5 Kd6 34. Be4 a5 35. b3 h6 36. Kb2 Rh4 37. Bf5 Kxc6 38. a3 Kc5 39. Bd7 Rh2 40. Kc3 Rh3+ 41. Kb2 Rf3 42. Bc8 Kd4 43. Bd7 Ke5 44. Bc8 Rf8 45. Bd7 Rd8 46. Bc6 Rg8 47. Bd7 Rg7 48. Bc8 Rg8 49. Bd7 Kd6 50. Bf5 Rg5 51. Bc8 Kc7 52. Be6 Re5 53. Bf7 Re4 54. Bh5 Kd6 55. Kc3 Kd5 56. Kd3 Rf4 57. Ke3 Re4+ 58. Kd3 Rf4 59. Ke3 Rf1 60. Bg6 Ra1 61. a4 Rg1 62. Bf5 Ke5 63. Kf2 Rc1 64. Kf3 h5 65. Bd3 h4 66. Kg2 Kf4 67. Kh3 Kg5 68. Bf5 Re1 69. Kg2 Re3 70. Kf2 Rg3 71. Bd3 Kf4 72. b4 axb4 73. a5 b3 74. a6 b2 0-1

[Event "Norway Eliteserien 2023-24"]
[Site "Oslo"]
[Date "2024.02.04"]
[Round "6.52"]
[White "Romanov, Evgeny"]
[Black "Gjestemoen-VonHirsch, Andre"]
[Result "1-0"]
[ECO "B14"]
[WhiteElo "2593"]
[BlackElo "2309"]
[Annotator "RC"]
[PlyCount "101"]
[EventDate "2023.10.27"]
[EventType "team-tourn"]
[EventCountry "NOR"]
[SourceTitle "playchess.com"]
[Source "ChessBase"]
[SourceQuality "1"]
[TimeControl "40/5400+30:1800+30"]

1. c4 g6 2. Nc3 c5 3. Nf3 Bg7 4. e3 Nf6 5. d4 cxd4 6. exd4 d5 7. Qb3 O-O 8. cxd5 Nbd7 9. Bc4 Nb6 10. O-O Bf5 11. Bg5 Rc8 12. Bxf6 Bxf6 13. Be2 Qd6 14. h3 Rfd8 15. Rac1 Qf4 16. a4 Qh6 17. Rcd1 Rxc3 18. bxc3 Nxd5 19. Ne5 Bxh3 20. gxh3 Nf4 21. Qxf7+ Kh8 22. Qxf6+ exf6 23. Nf7+ Kg7 24. Nxh6 Nxe2+ 25. Kh2 Kxh6 26. Rd3 Nf4 27. Rd2 g5 28. Re1 Rd7 29. c4 Kg7 30. a5 Kf7 31. d5 Ng6 32. Rb1 Ne5 33. Rdb2 b6 34. axb6 axb6 35. Rxb6 Nxc4 36. Rb7 Ke7 37. Rxd7+ Kxd7 38. Rb7+ Kd6 39. Rxh7 Kxd5 40. Kg3 Ke6 41. Rc7 Nd6 42. Kg4 Ne4 43. Rc2 f5+ 44. Kh5 Kf6 45. f3 Ng3+ 46. Kh6 f4 47. Rc6+ Kf5 48. Rc5+ Kf6 49. Rxg5 Nf5+ 50. Rxf5+ Kxf5 51. Kh5 1-0

[Event "Norway Eliteserien 2023-24"]
[Site "Oslo"]
[Date "2024.02.04"]
[Round "6.53"]
[White "Shehzad, Shazil"]
[Black "Kulaots, Kaido"]
[Result "0-1"]
[ECO "B30"]
[WhiteElo "2265"]
[BlackElo "2525"]
[Annotator "ChessBase"]
[PlyCount "54"]
[EventDate "2023.10.27"]
[EventType "team-tourn"]
[EventCountry "NOR"]
[SourceTitle "playchess.com"]
[Source "ChessBase"]
[SourceQuality "1"]
[TimeControl "40/5400+30:1800+30"]

1. e4 c5 2. Nf3 Nc6 3. Bb5 e6 4. O-O Nge7 5. Re1 Nd4 6. Nxd4 cxd4 7. c3 a6 8. Bf1 Nc6 9. b4 Bd6 10. a4 O-O 11. Na3 f5 12. Nc4 Bxh2+ 13. Kxh2 Qh4+ 14. Kg1 fxe4 15. Qe2 d5 16. g3 Qf6 17. Nb6 Ne5 18. Bg2 d3 19. Qe3 Ng4 20. Qf4 Qg6 21. Qxf8+ Kxf8 22. Nxa8 e5 23. Ba3 Qh6 24. Bc1 Qh2+ 25. Kf1 Nf6 26. Nc7 Bh3 27. Bxh3 Qh1# 0-1

[Event "Norway Eliteserien 2023-24"]
[Site "Oslo"]
[Date "2024.02.04"]
[Round "6.54"]
[White "Holm, Kristian Stuvik"]
[Black "Kizatbay, Abyl"]
[Result "1/2-1/2"]
[ECO "A34"]
[WhiteElo "2492"]
[BlackElo "2172"]
[Annotator "RC"]
[PlyCount "87"]
[EventDate "2023.10.27"]
[EventType "team-tourn"]
[EventCountry "NOR"]
[SourceTitle "playchess.com"]
[Source "ChessBase"]
[SourceQuality "1"]
[TimeControl "40/5400+30:1800+30"]

1. Nf3 Nf6 2. c4 c5 3. Nc3 d5 4. cxd5 Nxd5 5. e4 Nb4 6. Bc4 Nd3+ 7. Ke2 Nf4+ 8. Kf1 Nd3 9. Qe2 Nxc1 10. Rxc1 Nc6 11. h4 e6 12. e5 a6 13. Rh3 b5 14. Bd3 Bb7 15. Be4 h6 16. h5 Qd7 17. Rg3 Rc8 18. a3 Rd8 19. Kg1 Na5 20. Bxb7 Nxb7 21. Rg4 c4 22. a4 Nc5 23. axb5 axb5 24. Rd4 Qb7 25. Rxd8+ Kxd8 26. Ra1 Nb3 27. Rd1 Bb4 28. d3 Bxc3 29. dxc4+ Ke7 30. bxc3 bxc4 31. Qxc4 Rc8 32. Qh4+ Ke8 33. Qa4+ Kf8 34. c4 Ra8 35. Qb5 Qxb5 36. cxb5 Rb8 37. Rd6 Rxb5 38. Rd8+ Ke7 39. Rg8 Nc5 40. Rxg7 Nd3 41. Rh7 Nxe5 42. Nxe5 Rxe5 43. Rxh6 Kf8 44. Rh8+ 1/2-1/2

[Event "Norway Eliteserien 2023-24"]
[Site "Oslo"]
[Date "2024.02.04"]
[Round "6.55"]
[White "Fiskaaen, Martin Holten"]
[Black "Hobber, Anders"]
[Result "1-0"]
[ECO "D10"]
[WhiteElo "2154"]
[BlackElo "2359"]
[Annotator "RC"]
[PlyCount "203"]
[EventDate "2023.10.27"]
[EventType "team-tourn"]
[EventCountry "NOR"]
[SourceTitle "playchess.com"]
[Source "ChessBase"]
[SourceQuality "1"]
[TimeControl "40/5400+30:1800+30"]

1. d4 d5 2. c4 c6 3. cxd5 cxd5 4. Bf4 Nc6 5. e3 Nf6 6. Nc3 a6 7. Be2 e6 8. Bd3 Be7 9. Nf3 Nh5 10. Be5 Nxe5 11. Nxe5 Nf6 12. f4 O-O 13. O-O g6 14. Qb3 Nd7 15. Nf3 b5 16. a4 b4 17. Nb1 a5 18. Nbd2 Bb7 19. Rfc1 Qb6 20. Bb5 Nf6 21. Qd3 Rfc8 22. Nb3 Ne4 23. Qe2 Qd8 24. Ne5 Nd6 25. Nc5 Qb6 26. Rc2 Qa7 27. Rac1 Rab8 28. g3 Ba8 29. Ned7 Nf5 30. Nxb8 Rxb8 31. Nb3 Nd6 32. Rc7 Rb7 33. Rxb7 Bxb7 34. Nc5 Ba8 35. Bd3 h5 36. Nb3 Kg7 37. Qc2 Nc4 38. Bxc4 dxc4 39. Qxc4 Bd5 40. Qd3 Qd7 41. Nxa5 Qxa4 42. Nc4 Qa2 43. Qe2 b3 44. Qf2 h4 45. gxh4 Be4 46. Qf1 Qa8 47. Nd2 Bc2 48. Ra1 Qh8 49. Ra7 Bf6 50. Qg2 Qxh4 51. Nf1 Qh5 52. h3 Bh4 53. Qg4 Qxg4+ 54. hxg4 Be1 55. Rb7 g5 56. fxg5 Kg6 57. Kh2 Kxg5 58. Rxf7 Kxg4 59. Rf4+ Kg5 60. Ng3 Ba5 61. Ne4+ Kg6 62. Kg2 Kg7 63. Nc5 Bd2 64. Nxe6+ Kg6 65. Nf8+ Kg7 66. Ne6+ Kg6 67. Rf1 Bxe3 68. Kf3 Bh6 69. Ke2 Bf5 70. Nc5 Bc2 71. Nd7 Be4 72. Ne5+ Kg7 73. Rf7+ Kg8 74. Rc7 Bc2 75. Nc4 Bf4 76. Rc8+ Kf7 77. Ne3 Bb1 78. Rc3 Ba2 79. Nc4 Ke6 80. Nd2 Kd5 81. Kd3 Bd6 82. Nxb3 Bb1+ 83. Ke3 Be7 84. Kd2 Bg5+ 85. Ke2 Be7 86. Nd2 Bf5 87. Nf3 Bg4 88. Ke3 Bf8 89. b3 Ba3 90. Rc4 Bd7 91. Rc7 Bf5 92. Ne5 Bb1 93. Nd3 Bf8 94. Nf4+ Kd6 95. Rb7 Kc6 96. Rf7 Ba3 97. Nd3 Bc2 98. b4 Kb5 99. Ra7 Bxd3 100. Kxd3 Bxb4 101. Rb7+ Ka4 102. Kc4 1-0

[Event "Norway Eliteserien 2023-24"]
[Site "Oslo"]
[Date "2024.02.04"]
[Round "6.56"]
[White "Westrum, Kim Roger Hansen"]
[Black "Hestholm, Gustav"]
[Result "0-1"]
[ECO "B67"]
[WhiteElo "2226"]
[BlackElo "1942"]
[Annotator "ChessBase"]
[PlyCount "158"]
[EventDate "2023.10.27"]
[EventType "team-tourn"]
[EventCountry "NOR"]
[SourceTitle "playchess.com"]
[Source "ChessBase"]
[SourceQuality "1"]
[TimeControl "40/5400+30:1800+30"]

1. e4 c5 2. Nf3 d6 3. d4 cxd4 4. Nxd4 Nf6 5. Nc3 Nc6 6. Bg5 e6 7. Qd2 a6 8. O-O-O Bd7 9. f3 Be7 10. Be3 h5 11. Kb1 Qc7 12. Nxc6 Bxc6 13. Ne2 b5 14. Nd4 Bd7 15. Rg1 Rb8 16. Nb3 e5 17. Bg5 Rb6 18. Bd3 Be6 19. f4 O-O 20. Bxf6 Bxf6 21. f5 Bc4 22. g4 hxg4 23. Rxg4 d5 24. Rdg1 Rd8 25. Qg2 Kf8 26. Nc1 dxe4 27. Bxe4 Rbd6 28. Bd3 Bd5 29. Qf2 e4 30. Be2 Bb7 31. Qg3 Qc5 32. Nb3 Qxf5 33. Rxg7 Bxg7 34. Qxg7+ Ke7 35. Rf1 Qg6 36. Qe5+ Qe6 37. Qg5+ f6 38. Qh4 Rf8 39. Rg1 Kd8 40. Rg7 Bc6 41. Qf2 e3 42. Qe1 Rf7 43. Qa5+ Ke7 44. Rg8 Qd7 45. Qc3 Qe6 46. Rg3 Kf8 47. Rxe3 Qd7 48. a3 Re7 49. Nc5 Qf5 50. Rxe7 Kxe7 51. Bd3 Qe5 52. Qxe5+ fxe5 53. Nxa6 e4 54. Be2 Rd2 55. Nb4 Kd6 56. Bg4 Rxh2 57. Kc1 e3 58. Kd1 Rh4 59. Nxc6 Rxg4 60. Nb4 Ke5 61. Nd3+ Ke4 62. Ne1 Rh4 63. b3 Rh2 64. a4 bxa4 65. bxa4 Rh8 66. Ke2 Rc8 67. a5 Rc6 68. Kd1 Ra6 69. Ke2 Rxa5 70. Nd3 Rh5 71. Ne1 Rh2+ 72. Kd1 Rd2+ 73. Kc1 Rf2 74. Kd1 Kd4 75. Nd3 Rh2 76. Nf4 Rd2+ 77. Kc1 Rf2 78. Nd3 Rf1+ 79. Kb2 e2 0-1

[Event "Norway Eliteserien 2023-24"]
[Site "Oslo"]
[Date "2024.03.08"]
[Round "7.11"]
[White "Predojevic, Borki"]
[Black "Amar, Elham"]
[Result "1/2-1/2"]
[ECO "B48"]
[WhiteElo "2572"]
[BlackElo "2567"]
[Annotator "RC"]
[PlyCount "41"]
[EventDate "2023.10.27"]
[EventType "team-tourn"]
[EventCountry "NOR"]
[SourceTitle "playchess.com"]
[Source "ChessBase"]
[SourceQuality "1"]
[TimeControl "40/5400+30:1800+30"]

1. e4 c5 2. Nf3 e6 3. d4 cxd4 4. Nxd4 Nc6 5. Nc3 Qc7 6. Be3 a6 7. a3 b5 8. Nxc6 Qxc6 9. Bd3 Bb7 10. Qd2 Nf6 11. e5 Ng4 12. Bd4 Qxg2 13. O-O-O Nxh2 14. Qf4 Nf3 15. Be4 Be7 16. Rhg1 Bg5 17. Qxg5 Qxg5+ 18. Rxg5 Bxe4 19. Nxe4 Nxg5 20. Nxg5 h5 21. Rg1 1/2-1/2

[Event "Norway Eliteserien 2023-24"]
[Site "Oslo"]
[Date "2024.03.08"]
[Round "7.12"]
[White "Agdestein, Simen"]
[Black "Romanov, Evgeny"]
[Result "0-1"]
[ECO "C79"]
[WhiteElo "2559"]
[BlackElo "2593"]
[Annotator "RC"]
[PlyCount "80"]
[EventDate "2023.10.27"]
[EventType "team-tourn"]
[EventCountry "NOR"]
[SourceTitle "playchess.com"]
[Source "ChessBase"]
[SourceQuality "1"]
[TimeControl "40/5400+30:1800+30"]

1. e4 e5 2. Nf3 Nc6 3. Bb5 a6 4. Ba4 d6 5. O-O Bd7 6. c3 g6 7. d4 Bg7 8. Re1 Nf6 9. Nbd2 O-O 10. Nf1 Re8 11. Ng3 b5 12. Bc2 exd4 13. cxd4 Bg4 14. Be3 Nd7 15. Rc1 Bxf3 16. gxf3 Nb4 17. a3 Nxc2 18. Rxc2 c5 19. dxc5 Nxc5 20. Rd2 Qh4 21. Rxd6 Ne6 22. Qe2 Be5 23. Rb6 h5 24. Rd1 Qf6 25. Rd5 h4 26. Nf1 Rec8 27. Kh1 Rc2 28. Rd2 Rxd2 29. Nxd2 Bc7 30. Rc6 Qxb2 31. Rxe6 fxe6 32. f4 h3 33. Qf1 Qh8 34. Nf3 Qh5 35. Ng5 Qg4 36. e5 Rd8 37. f3 Rd1 38. fxg4 Rxf1+ 39. Bg1 Bb6 40. Nxh3 Ra1 0-1

[Event "Norway Eliteserien 2023-24"]
[Site "Oslo"]
[Date "2024.03.08"]
[Round "7.13"]
[White "Kulaots, Kaido"]
[Black "Hauge, Lars Oskar"]
[Result "0-1"]
[ECO "C65"]
[WhiteElo "2525"]
[BlackElo "2486"]
[Annotator "TA"]
[PlyCount "96"]
[EventDate "2023.10.27"]
[EventType "team-tourn"]
[EventCountry "NOR"]
[SourceTitle "playchess.com"]
[Source "ChessBase"]
[SourceQuality "1"]
[TimeControl "40/5400+30:1800+30"]

1. e4 e5 2. Nf3 Nc6 3. Bb5 Nf6 4. d3 Ne7 5. O-O c6 6. Ba4 {C65: Ruy Lopez: Berlin Defence (3...Nf6), unusual lines and 4 0-0 Bc5.} d6 7. c3 Ng6 8. Re1 Be7 9. Nbd2 O-O 10. Nf1 Qc7 11. d4 exd4 $146 ({Predecessor:} 11... b5 12. Bb3 a6 13. Ng3 c5 14. h3 c4 15. Bc2 Rd8 16. d5 Bf8 17. Nh2 Nf4 {1-0 Fernandez Siles,L (2218)-Tomaszewski,K (2353) Titled Tuesday intern op 18th Jul Late blitz 2023 (2)}) 12. cxd4 d5 13. e5 Ne4 14. Bc2 Bb4 15. N3d2 f5 16. a3 Ba5 17. b4 Bb6 18. Nb3 f4 19. f3 Ng5 (19... Nxe5 {is more complex.} 20. a4 a6 21. Nc5 a5) 20. Kh1 (20. Bxg6 {is superior.} hxg6 21. a4) 20... Bf5 21. Bxf5 Rxf5 22. Qd3 Qf7 23. b5 Ne6 (23... cxb5 $15 24. Qxb5 Ne6) 24. bxc6 bxc6 25. a4 Rh5 26. Ba3 Nh4 27. a5 Bd8 $1 28. Rec1 Rb8 29. Bd6 Rc8 (29... Bc7 $14) 30. Ra2 Nf5 31. Rac2 (31. Qa6 $16 Qd7 32. Nc5 Nxc5 33. Bxc5) 31... Qd7 (31... Qb7 $1 $14) 32. Ba3 ({White should try} 32. Qa6 $1 $16) 32... Bh4 (32... Qe8 $11) 33. Kg1 (33. Nc5 $16 Nxc5 34. Bxc5) 33... Ne3 $2 (33... Bd8 $11 {and Black stays safe.}) 34. Nxe3 $18 fxe3 {[#]} 35. Qxe3 $2 (35. g3 $1 $18) 35... Bg5 $11 36. Qd3 Bxc1 37. Bxc1 c5 38. Nxc5 Nxc5 39. dxc5 (39. Qc3 $5) 39... Rxe5 40. Bb2 Re7 (40... Qf5 $5 41. Qxf5 Rxf5 $15) 41. h3 Kh8 42. Bd4 Qc7 43. a6 Re1+ 44. Kf2 Rce8 45. Rb2 {[#]} (45. Qf5 $15) 45... Qf4 $1 $19 46. g3 Qh6 ({Black should play} 46... Qc1 $17 {Threatens to win with ...Rd1.} 47. Rd2 Rf1+ (47... Rg1 48. Bxg7+ Kxg7 49. Qd4+ Kg6 50. Qg4+ Kf7 51. Qh5+ Kg7 52. Qg4+ Kh6 53. Qh4+ Kg6 54. Qg4+ Kf6 55. Qf4+ Kg6 56. Qg4+ $11) 48. Kg2 Rxf3 49. Kxf3 Qh1+ 50. Kf4 Re4+ 51. Kg5 Qxh3 52. Qxe4 (52. Qf3 $2 Qh6+ 53. Kf5 Qg6#) 52... dxe4) 47. Rb7 $2 (47. h4 $15) 47... R8e2+ $19 ({Weaker is} 47... Qxh3 48. Bxg7+ (48. Rxg7 $2 Qh2#) 48... Kg8 49. Qxd5+ R8e6 50. Qd8+ Re8 51. Qd5+ R8e6 52. Rb8+ (52. Qd8+ Re8 $11) 52... Kf7 (52... Kxg7 $2 {loses.} 53. Qg5+ Kf7 54. Qg8+ Kf6 55. Rf8+ Ke5 56. Qg5+ Kd4 57. Rd8+ Kc4 58. Qd5+ Kb4 59. Rb8+ $18) 53. Rb7+ Kg8 $11) 48. Qxe2 Rxe2+ 0-1

[Event "Norway Eliteserien 2023-24"]
[Site "Oslo"]
[Date "2024.03.08"]
[Round "7.14"]
[White "Mitusov, Semen"]
[Black "Hobber, Anders"]
[Result "1-0"]
[ECO "B06"]
[WhiteElo "2487"]
[BlackElo "2359"]
[Annotator "RC"]
[PlyCount "39"]
[EventDate "2023.10.27"]
[EventType "team-tourn"]
[EventCountry "NOR"]
[SourceTitle "playchess.com"]
[Source "ChessBase"]
[SourceQuality "1"]
[TimeControl "40/5400+30:1800+30"]

1. e4 g6 2. d4 Bg7 3. Nc3 d6 4. Be3 c6 5. h4 Nf6 6. h5 Nxh5 7. Rxh5 gxh5 8. Qxh5 Nd7 9. Bc4 d5 10. exd5 Nb6 11. Bb3 cxd5 12. Nxd5 Nxd5 13. Bxd5 e6 14. Bb3 O-O 15. Nf3 Qf6 16. O-O-O Qg6 17. Qh4 Bf6 18. Qf4 Qf5 19. Qc7 b5 20. c3 1-0

[Event "Norway Eliteserien 2023-24"]
[Site "Oslo"]
[Date "2024.03.08"]
[Round "7.15"]
[White "Vålerenga-?. Fossum"]
[Black "Ingebretsen, Jens E"]
[Result "0-1"]
[ECO "E61"]
[WhiteElo "2313"]
[BlackElo "2400"]
[Annotator "ChessBase"]
[PlyCount "68"]
[EventDate "2023.10.27"]
[EventType "team-tourn"]
[EventCountry "NOR"]
[SourceTitle "playchess.com"]
[Source "ChessBase"]
[SourceQuality "1"]
[TimeControl "40/5400+30:1800+30"]

1. Nf3 c5 2. b3 Nc6 3. Bb2 Nf6 4. e3 g6 5. d4 cxd4 6. exd4 d5 7. Be2 Bg7 8. O-O O-O 9. c4 Bf5 10. Nc3 Rc8 11. c5 Ne4 12. Na4 Qc7 13. a3 a5 14. h3 Rcd8 15. Bb5 g5 16. Bc1 g4 17. Nh4 Nxd4 18. Bb2 Nxb5 19. Bxg7 Kxg7 20. Nxf5+ Kh8 21. hxg4 Qe5 22. Qd3 e6 23. Ne3 Nbc3 24. Nxc3 Qxc3 25. Qxc3+ Nxc3 26. f3 d4 27. Nc4 d3 28. Rf2 Rd4 29. Rd2 a4 30. Na5 e5 31. Kf2 f5 32. Rc1 Ne2 33. Rc4 axb3 34. Rxd4 Nxd4 0-1

[Event "Norway Eliteserien 2023-24"]
[Site "Oslo"]
[Date "2024.03.08"]
[Round "7.16"]
[White "Haug, Havard"]
[Black "Stenersen, Gudmund"]
[Result "1-0"]
[ECO "D00"]
[WhiteElo "2341"]
[BlackElo "2144"]
[Annotator "RC"]
[PlyCount "73"]
[EventDate "2023.10.27"]
[EventType "team-tourn"]
[EventCountry "NOR"]
[SourceTitle "playchess.com"]
[Source "ChessBase"]
[SourceQuality "1"]
[TimeControl "40/5400+30:1800+30"]

1. d4 Nf6 2. Nc3 d5 3. Bf4 e6 4. Nb5 Na6 5. e3 c6 6. Nc3 b6 7. Nf3 Bb7 8. Ne5 Rc8 9. a3 Be7 10. Bd3 O-O 11. h4 Nc7 12. g4 c5 13. g5 Ne4 14. Qg4 cxd4 15. exd4 f5 16. Qh5 Qe8 17. g6 Nf6 18. gxh7+ Nxh7 19. Ng6 Bf6 20. Ne2 Ba6 21. Bxa6 Nxa6 22. c3 Nb8 23. Bd6 Rf7 24. Rg1 Nd7 25. Rg5 Bd8 26. Nef4 Ndf6 27. Qf3 Ne4 28. Rh5 Nef6 29. O-O-O Bc7 30. Bxc7 Rfxc7 31. Re1 Nxh5 32. Rxe6 Qb5 33. Nxh5 Qc4 34. Ne7+ Kh8 35. Nf4 Rxe7 36. Ng6+ Kg8 37. Nxe7+ 1-0